 Dungeon Crawl Stone Soup version 0.28.0-49-g6dfe1f597d (webtiles) character file.

Game seed: 5613838826720093136

1037 Zeld the Gusty (level 8, 0/48 HPs)
             Began as a Tengu Air Elementalist on May 18, 2022.
             Slain by an orc
             ... wielding a +0 short sword
              (5 damage)
             ... on level 5 of the Dungeon.
             The game lasted 00:06:26 (9797 turns).

Zeld the Gusty (Tengu Air Elementalist)             Turns: 9797, Time: 00:06:26

Health: 0/48       AC:  2    Str:  6    XL:     8   Next: 24%
Magic:  15/25      EV: 14    Int: 17    God:
Gold:   183        SH:  0    Dex: 15    Spells: 6/16 levels left

rFire   . . .      SeeInvis +   q - +3 war axe "Loddynom" {drain, +Blink rPois rN+ Str-3}
rCold   . . .      Faith    .   (no shield)
rNeg    + . .      Spirit   .   a - +0 robe
rPois   +          Reflect  .   (helmet restricted)
rElec   .          Harm     .   (no cloak)
rCorr   .          Rampage  .   (no gloves)
Will    .....                   (boots unavailable)
Stlth   +++.......              (no amulet)
HPRegen 0.16/turn               b - ring of magical power
MPRegen 0.19/turn               l - ring of see invisible

@: flying quickly and evasively, quick
A: beak, talons 3, nimble flight
a: Evoke Blink


You were on level 5 of the Dungeon.
You visited 1 branch of the dungeon, and saw 5 of its levels.

You collected 183 gold pieces.

Inventory:

Hand Weapons
 q - the +3 war axe "Loddynom" (weapon) {drain, +Blink rPois rN+ Str-3}
   (You found it on level 5 of the Dungeon)

   A truly terrible weapon, it drains the life of any living foe it strikes.
   Str:       It affects your strength (-3).
   rPois:     It protects you from poison.
   rN:        It protects you from negative energy.
   +Blink:    It lets you blink.
Armour
 a - a +0 robe (worn)
Jewellery
 b - a ring of magical power (left hand)
 d - a ring of resist corrosion
 l - a ring of see invisible (right hand)
Wands
 p - a wand of mindburst (14)
Scrolls
 c - a scroll of summoning {unknown}
 f - 4 scrolls of identify {unknown}
 h - a scroll of immolation {unknown}
 i - a scroll of torment {unknown}
 k - 3 scrolls of teleportation {unknown}
 o - a scroll of fear {unknown}
Potions
 e - 5 potions of heal wounds {unknown}
 g - a potion of magic {unknown}
 j - a potion of mutation {unknown}
 m - a potion of resistance {unknown}
 n - a potion of haste {unknown}


   Skills:
 * Level 4.8 Fighting
 - Level 2.1 Dodging
 + Level 4.2 Stealth
 * Level 4.8 Spellcasting
 - Level 2.0 Conjurations
 * Level 7.5 Air Magic


You had 6 spell levels left.
You knew the following spells:

 Your Spells              Type           Power      Damage    Failure   Level
a - Shock                 Conj/Air       80%        1d8       1%          1
b - Static Discharge      Conj/Air       20%        N/A       3%          2
c - Swiftness             Air            29%        N/A       1%          3
d - Airstrike             Air            14%        N/A       6%          4

Your spell library contained the following spells:

 Spells                   Type           Power      Damage    Failure   Level
 Summon Forest            Summ/Tloc      2%         N/A       99%         5
 Summon Mana Viper        Hex/Summ       4%         N/A       99%         5
 Summon Cactus Giant      Summ           2%         N/A       100%        6


Dungeon Overview and Level Annotations

Branches:
Dungeon (5/15)
 Temple: D:4-7

Altars:
Cheibriados
Okawaru
Zin

Annotations:
D:2 Sigmund


Innate Abilities, Weirdness & Mutations

You have a beak for a mouth.
You have claws for feet.
Your magical nature lets you fly swiftly and evasively.


Message History

Grinder is severely wounded.
The lightning grounds out.
Grinder barely misses you.
Casting: Static Discharge (safe; 3% risk of failure)
Confirm with . or Enter, or press ? or * to list all spells.
Grinder is struck by an arc of lightning.
Grinder is severely wounded.
You are struck by an arc of lightning.
The lightning grounds out.
Grinder hits you!
You writhe in agony.
Unknown command.
Casting: Static Discharge (safe; 3% risk of failure)
Confirm with . or Enter, or press ? or * to list all spells.
Grinder is struck by an arc of lightning.
Grinder is almost dead.
You are struck by an arc of lightning.
* * * LOW HITPOINT WARNING * * *
The lightning grounds out.
Grinder hits you!
* * * LOW HITPOINT WARNING * * *
Casting: Static Discharge (safe; 3% risk of failure)
Confirm with . or Enter, or press ? or * to list all spells.
Grinder is struck by an arc of lightning!
You kill Grinder!
The lightning grounds out.
Unknown command.
You start resting.
A centaur is nearby!
A centaur is nearby!
A centaur is nearby!
A centaur is nearby!
An orc is nearby!
An orc is nearby!
A hound skeleton comes into view.
The hound skeleton moves out of view.
The orc shouts!
The orc hits you with a +0 short sword.
* * * LOW HITPOINT WARNING * * *
There is a stone staircase leading up here.
You closely miss the orc. You claw the orc. You peck the orc.
The orc is moderately wounded.
The orc hits you with a +0 short sword.
You die...

........................
................!.....#.
........................
.!........#....##.......
................#..)....
#............#.))....
#.##))).............# #
#o#.##....#......# . #.
#@#.####..#......#
...##.##.#.# #..#......#
...........# #..#......#
.......[...# #..#.......
...##......####..#.....##
#............#.....##
###########.##.....##
#........## #...........


You could see an orc.

Vanquished Creatures
  Grinder (D:5)
  A phantom (D:5)
  3 scorpions
  A bullfrog zombie (D:5)
  3 hounds
  A gnoll shaman (D:4)
  3 orc priests
  A jelly (D:4)
  An iguana (D:5)
  An orc wizard (D:5)
  Robin (D:3)
  4 gnolls
  8 adders
  An ufetubus (D:3)
  2 adder skeletons
  3 worms (D:2)
  6 dart slugs
  16 orcs
  7 ball pythons
  4 bats
  10 endoplasms
  5 giant cockroaches
  12 goblins
  16 hobgoblins
  4 jackals
  3 quokkas
  4 frilled lizards
  4 kobolds
  4 rats
130 creatures vanquished.

Notes
Turn   | Place    | Note
-------+----------+-------------------------------------------
     0 | D:1      | Zeld the Tengu Air Elementalist began the quest for the
                  | Orb.
     0 | D:1      | Reached XP level 1. HP: 10/10 MP: 4/4
   435 | D:1      | Reached XP level 2. HP: 16/16 MP: 6/6
   442 | D:1      | Learned a level 2 spell: Static Discharge
   665 | D:1      | Reached skill level 1 in Fighting
   756 | D:1      | Reached XP level 3. HP: 20/20 MP: 7/7
   891 | D:1      | Learned a level 3 spell: Swiftness
  2077 | D:2      | Reached XP level 4. HP: 9/25 MP: 8/9
  2476 | D:2      | Noticed Sigmund
  3276 | D:2      | Found a faded altar of an unknown god.
  3576 | D:3      | Noticed Robin
  3588 | D:3      | Killed Robin
  3628 | D:3      | Reached skill level 5 in Air Magic
  3628 | D:3      | Gained mutation: Your magical nature lets you fly swiftly
                  | and evasively. [Tengu growth]
  3628 | D:3      | Reached XP level 5. HP: 10/30 MP: 2/10
  3633 | D:3      | Learned a level 4 spell: Airstrike
  5781 | D:3      | Reached XP level 6. HP: 21/36 MP: 9/12
  6850 | D:4      | Found an iron altar of Okawaru.
  6850 | D:4      | Found a snail-covered altar of Cheibriados.
  6880 | D:4      | Reached skill level 6 in Air Magic
  7179 | D:4      | Reached XP level 7. HP: 15/41 MP: 10/13
  7852 | D:4      | Found a glowing silver altar of Zin.
  7907 | D:5      | Entered Level 5 of the Dungeon
  8364 | D:5      | Found the +2 ratskin cloak {*Rats rPois rN+ Str-1 Int-1
                  | Dex+1}
  8591 | D:4      | Reached skill level 7 in Air Magic
  9704 | D:5      | Reached XP level 8. HP: 43/48 MP: 15/15
  9707 | D:5      | Identified the +3 war axe "Loddynom" {drain, +Blink rPois
                  | rN+ Str-3}
  9761 | D:5      | Noticed Grinder
  9775 | D:5      | Killed Grinder
  9797 | D:5      | Slain by an orc

Illustrated notes

Levels and vault maps discovered:
D:1:      dpeg_arrival_connections, layout_basic
D:2:      minmay_skewed_foursquare, layout_basic,
          shapermc_ecumenical_altar_totnotflames, kennysheep_nondescript,
          moated_statue, uniq_sigmund
D:3:      layout_basic, amcnicky_mini_corridor_feature, uniq_robin
D:4:      layout_cave_pools, nicolae_overflow_hidden_temple,
          nicolae_figureground_pulse
D:5:      minmay_evil_eye, layout_basic, chequers_serial_rivers_micro_a,
          uniq_grinder

Skill      XL: |  1  2  3  4  5  6  7 |
---------------+----------------------+-----
Fighting       | 1 2 3 4 |  4.8
Conjurations   | 2 |  2.0
Spellcasting   | 3 4 |  4.8
Air Magic      | 5 6 7 |  7.5
Stealth        | 3 4 |  4.2
Dodging        | |  2.1

Action                   |  1- 3 |  4- 6 |  7- 9 || total
-------------------------+-------+-------+-------++-------
Melee: Unarmed           |    10 |    34 |     8 ||    52
       Kick              |     2 |    10 |     4 ||    16
       Peck              |     3 |     4 |     3 ||    10
       Punch             |       |     1 |     2 ||     3
       War axe           |       |       |     5 ||     5
 Cast: Shock             |    75 |    43 |     1 ||   119
       Static Discharge  |    11 |    78 |    49 ||   138
       Swiftness         |       |       |     1 ||     1
 Stab: Sleeping          |       |     1 |       ||     1
Armor: Robe              |     5 |    10 |     5 ||    20
Dodge: Dodged            |    23 |    85 |    48 ||   156
